 Dungeon Crawl Stone Soup version 0.17-a0-848-g7e5c6af (console) character file.

1637 sose the Cleaver (level 8, -8/96 HPs)
             Began as a Minotaur Berserker on Apr 27, 2015.
             Was a High Priest of Trog.
             Mangled by OrbSeeker's ghost (11 damage)
             ... on level 6 of the Dungeon.
             The game lasted 00:14:23 (5365 turns).

sose the Cleaver (Minotaur Berserker)               Turns: 5365, Time: 00:14:24

Health: -8/96      AC: 24    Str: 22      XL:     8   Next: 66%
Magic:  7/7        EV:  2    Int:  6      God:    Trog [*****.]
Gold:   270        SH:  0    Dex:  9 (10) Spells: 0 memorised, 7 levels left

rFire  . . .     SeeInvis .     x - +0 war axe
rCold  . . .     Clarity  .     (armour currently unavailable)
rNeg   + + +     SustAb   .     (no shield)
rPois  +         Gourm    .     (helmet currently unavailable)
rElec  .         Spirit   .     (cloak currently unavailable)
rCorr  .         Warding  .     (gloves currently unavailable)
rMut   .         NoTele   +     (boots currently unavailable)
MR     .....                    (no amulet)
Stlth  +.........               (no ring)
                                (no ring)

@: exhausted, tree-form, slowed, drained, very slow, not resistant to hostile
enchantments, very unstealthy
A: (retaliatory headbutt), (horns 0)
a: Burn Spellbooks, Berserk, Trog's Hand, Brothers in Arms, Renounce Religion


You were on level 6 of the Dungeon.
You worshipped Trog.
Trog was extremely pleased with you.
You were not hungry.
You were a tree.
You visited 1 branch of the dungeon, and saw 6 of its levels.
You also visited: Sewer.

You collected 270 gold pieces.

Inventory:

Hand weapons
 a - a +0 hand axe
 x - a +0 war axe (weapon)
 E - a +0 battleaxe
 K - a cursed -1 blowgun
Missiles
 L - 14 poisoned needles
Armour
 b - a +0 animal skin
 c - a +0 cloak (melded)
 t - a +0 leather armour
 v - the cursed +1 robe of Elitism (melded) {-Cast +Blink Str+2 Dex-5}
   (You found it on level 5 of the Dungeon)

   It affects your strength (+2).
   It affects your dexterity (-5).
   It lets you blink.
   It prevents spellcasting.
   It has a curse placed upon it.
 D - a +0 ring mail
Magical devices
 d - a wand of fire (1)
 A - a wand of lightning (8)
 F - a wand of random effects (25)
 G - a wand of frost (24)
Scrolls
 f - 2 scrolls of fog {unknown}
 h - 6 scrolls of remove curse {unknown}
 i - 2 scrolls of random uselessness {unknown}
 k - 4 scrolls of identify {unknown}
 l - a scroll of amnesia {unknown}
 m - 2 scrolls of magic mapping {unknown}
 o - a scroll of immolation {unknown}
 s - a scroll of enchant armour {unknown}
 u - a scroll of teleportation {unknown}
 y - 2 scrolls of enchant weapon {unknown}
 z - a scroll of blinking {unknown}
Potions
 e - 2 potions of lignification
 g - a potion of ambrosia {unknown}
 j - 5 potions of curing {unknown}
 p - 2 potions of heal wounds {unknown}
 q - 3 potions of degeneration {unknown}
 r - 3 potions of might {unknown}
 w - 2 potions of poison {unknown}
 I - a potion of invisibility {unknown}
 J - a potion of restore abilities {unknown}
Miscellaneous
 B - a phial of floods
Comestibles
 n - 2 meat rations
 C - a bread ration
 H - 3 chunks of flesh


   Skills:
 - Level 3.6(3.5) Fighting
 + Level 13.1(13.0) Axes
 - Level 2.4(2.3) Armour
 - Level 2.1 Dodging


You had 7 spell levels left.
You didn't know any spells.

Dungeon Overview and Level Annotations

Branches:
Dungeon (6/15)
 Temple: D:4-7

Altars:
Ashenzari
Kikubaaqudgha
Okawaru
Trog
Xom
Yredelemnul

Shops:
D:5 [

Annotations:
D:5 2 exclusions
D:6 OrbSeeker's ghost, experienced OgBe


Innate Abilities, Weirdness & Mutations

((You reflexively headbutt those who attack you in melee.))
((You have a pair of horns on your head.))


Message History

OrbSeeker's ghost hits you but does no damage.
Evoke which item? (* to show all) (? for menu, Esc to quit)
Zapping:
d - a wand of fire {zapped: 2} (will waste charges)
Press: ? - help, Shift-Dir - straight line, f/p - OrbSeeker's ghost
Aim: OrbSeeker's ghost (heavily damaged)
The bolt of fire hits OrbSeeker's ghost.
OrbSeeker's ghost resists.
OrbSeeker's ghost is severely damaged.
Evoking this partially-identified wand wasted a few charges.
OrbSeeker's ghost hits you!!
* * * LOW HITPOINT WARNING * * *
Unknown command.
Drink which item? (? for menu, Esc to quit)
It was a potion of lignification.
You turn into a tree.
Your +0 cloak melds into your body.
The cursed +1 robe of Elitism {-Cast +Blink Str+2 Dex-5} melds into your body.
Your roots penetrate the ground.
OrbSeeker's ghost hits you but does no damage.
OrbSeeker's ghost hits you!
You die...

. ##. #### # .. ..#
#.#. #.# ##
#.#.###.# ####
(..#........ ..#
.........#.. #W#
#........
###♣#####.##....<...
#.........###...###.
#.#.####### #..## #.
#.##.#.## #.. ..
#.......# ##. ##
#######.# ##+## #.
#.# ##...###. # #†#
##.....##.
#.#######.##
##.......#.


You could see OrbSeeker's ghost.

Vanquished Creatures
  The ghost of ImmaFairy the Chopper, an experienced FoFi of Trog (D:4)
  The ghost of ImmaFairy the Chopper, an average FoFi of Ashenzari (D:3)
  3 sky beasts
  3 ogres
  2 giant frogs (Sewer)
  A scorpion (D:3)
  A quasit (D:5)
  A centaur zombie (D:3)
  2 orc priests
  2 hounds
  3 worker ants
  An orc wizard (D:3)
  A killer bee zombie (D:6)
  A hound zombie (D:5)
  11 adders
  2 oozes
  A worm (D:2)
  8 giant geckos
  14 orcs
  3 ball pythons
  2 bat skeletons
  A bat zombie (D:3)
  13 giant cockroaches
  7 hobgoblins
  3 jackals (D:6)
  3 quokkas
  A ball python skeleton (D:3)
  8 bats
  A giant cockroach zombie (D:3)
  2 giant gecko skeletons
  9 giant newts
  11 goblins
  9 kobolds
  2 quokka zombies (D:5)
  17 rats
151 creatures vanquished.

Vanquished Creatures (others)
  A rat (D:5)
1 creature vanquished.

Grand Total: 152 creatures vanquished

Notes
Turn   | Place    | Note
--------------------------------------------------------------
     0 | D:1      | sose, the Minotaur Berserker, began the quest for the Orb.
     0 | D:1      | Reached XP level 1. HP: 19/19 MP: 0/0
   126 | D:1      | Reached skill level 4 in Axes
   157 | D:1      | Reached XP level 2. HP: 19/26 MP: 1/1
   370 | D:1      | Acquired Trog's second power
   637 | D:2      | Reached skill level 5 in Axes
   796 | D:2      | Reached XP level 3. HP: 23/31 MP: 2/2
   996 | D:2      | Found a bloodstained altar of Trog.
  1633 | D:3      | Reached XP level 4. HP: 36/39 MP: 3/3
  1671 | D:3      | Reached skill level 6 in Axes
  1672 | D:3      | Noticed ImmaFairy's ghost (average FoFi)
  1867 | D:2      | Found a shimmering altar of Xom.
  2008 | D:3      | Killed ImmaFairy's ghost
  2008 | D:3      | Reached skill level 7 in Axes
  2008 | D:3      | Reached XP level 5. HP: 8/45 MP: 4/4
  2262 | D:3      | Found a shattered altar of Ashenzari.
  2517 | D:3      | Noticed a scorpion
  2525 | D:3      | Killed a scorpion
  2525 | D:3      | Reached skill level 8 in Axes
  2525 | D:3      | Reached XP level 6. HP: 51/51 MP: 5/5
  2773 | D:4      | Reached skill level 9 in Axes
  2900 | D:4      | Acquired Trog's third power
  2980 | D:4      | Reached XP level 7. HP: 24/57 MP: 6/6
  3160 | D:4      | Found a glowing drain.
  3203 | Sewer    | Entered a sewer
  3464 | Sewer    | Reached skill level 10 in Axes
  3661 | D:4      | Noticed ImmaFairy's ghost (experienced FoFi)
  3686 | D:4      | Killed ImmaFairy's ghost
  3686 | D:4      | Reached skill level 11 in Axes
  3686 | D:4      | Reached XP level 8. HP: 16/64 MP: 7/7
  3923 | D:5      | Entered Level 5 of the Dungeon
  4019 | D:5      | Found an iron altar of Okawaru.
  4273 | D:5      | Found Geer Yma's Antique Armour Emporium.
  4351 | D:5      | Found an ancient bone altar of Kikubaaqudgha.
  4363 | D:5      | Reached skill level 12 in Axes
  4365 | D:5      | Got a thick robe
  4376 | D:5      | Identified the cursed +1 robe of Elitism {-Cast +Blink Str+2 Dex-5} (You found it on level 5 of the Dungeon)
  4470 | D:5      | Found a basalt altar of Yredelemnul.
  5323 | D:6      | Reached skill level 13 in Axes
  5348 | D:6      | Noticed OrbSeeker's ghost (experienced OgBe)
  5364 | D:6      | HP: 2/64 [OrbSeeker's ghost (20)]
  5365 | D:6      | Mangled by OrbSeeker's ghost

Action                   |  1- 3 |  4- 6 |  7- 9 || total
-------------------------+-------+-------+-------++-------
Melee: Hand axe          |   103 |    71 |       ||   174
       War axe           |       |    23 |   169 ||   192
Invok: Berserk           |       |     6 |     3 ||     9
       Burn Spellbooks   |       |     1 |       ||     1
Evoke: Wand              |       |       |     2 ||     2
  Use: Potion            |       |       |     1 ||     1
 Stab: Sleeping          |     1 |       |       ||     1
  Eat: Chunk             |     2 |     5 |     7 ||    14
       Bread ration      |       |     1 |     1 ||     2
       Beef jerky        |       |       |     1 ||     1
